 Dungeon Crawl Stone Soup version 0.13-a0-3016-gcb2faac (webtiles) character file.

163 PolkaDot the Magician (level 4, -5/28 HPs)
             Began as a Vampire Wizard on Sept 13, 2013.
             Was an Initiate of Sif Muna.
             Slain by a scorpion (6 damage)
             ... while paralysed by a potion of paralysis
             ... on Level 4 of the Dungeon.
             The game lasted 00:12:44 (2258 turns).

PolkaDot the Magician (Vampire Wizard)              Turns: 2258, Time: 00:12:45

HP  -5/28        AC  3     Str  6      XL: 4   Next: 30%
MP   1/12        EV  2     Int 26      God: Sif Muna [......]
Gold 75          SH  0     Dex 17      Spells:  3 memorised,  2 levels left

Res.Fire  : . . .   See Invis. : +   o - +0 sabre
Res.Cold  : . . .   Warding    : .   a - +0 robe
Life Prot.: . . .   Conserve   : .   (no shield)
Res.Poison: .       Res.Corr.  : .   b - +0 wizard hat
Res.Elec. : .       Clarity    : .   i - +0 cloak
Sust.Abil.: . .     Spirit.Shd : .   (no gloves)
Res.Mut.  : .       Stasis     : .   (no boots)
Res.Rott. : .       Flight     : +   (no amulet)
Saprovore : . . .                    (no ring)
                                     (no ring)

@: paralysed, regenerating quickly, brilliant, agile, flying, mildly poisoned,
slightly resistant to hostile enchantments, very stealthy
A: fangs 3, see invisible, unbreathing
a: Renounce Religion


You were on level 4 of the Dungeon.
You worshipped Sif Muna.
Sif Muna was noncommittal.
You were very full.

You visited 1 branch of the dungeon, and saw 4 of its levels.

You collected 55 gold pieces.

Inventory:

Hand weapons
 o - a +0,+0 sabre (weapon)
Armour
 a - a +0 robe (worn)
 b - a +0 wizard hat (worn)
 i - a +0 cloak (worn)
Magical devices
 k - a wand of teleportation (4) {unknown}
Scrolls
 f - 4 scrolls of identify {unknown}
 g - a scroll of recharging {unknown}
 h - a scroll of curse weapon {unknown}
 j - 2 scrolls of teleportation {unknown}
 l - 2 scrolls of noise {unknown}
 m - a scroll of remove curse {unknown}
 r - a scroll of enchant weapon II {unknown}
Potions
 s - a potion of restore abilities
Books
 c - a book of Minor Magic

   Spells                             Type                      Level
   *Magic Dart                        Conjuration                  1
   Blink                              Translocation                2
   Call Imp                           Summoning                    2
   Repel Missiles                     Charms/Air                   2
   Slow                               Hexes                        2
   *Conjure Flame                     Conjuration/Fire             3
   *Mephitic Cloud                    Conjuration/Poison/Air       3
 d - a book of Dreams

   Spells                             Type                      Level
   Ensorcelled Hibernation            Hexes/Ice                    2
   Flight                             Charms/Air                   3
   Phase Shift                        Translocation                5
   Shadow Creatures                   Summoning                    5
   Mass Confusion                     Hexes                        6
   Darkness                           Hexes                        7


   Skills:
 - Level 2.1 Dodging
 - Level 3.0 Stealth
 + Level 3.1 Spellcasting
 * Level 3.0 Conjurations
   Level 1.0 Summonings
   Level 0.7 Translocations


You had 2 spell levels left.
You knew the following spells:

 Your Spells              Type           Power        Failure   Level  Hunger
a - Magic Dart            Conj           ####         1%          1    None
d - Mephitic Cloud        Conj/Pois/Air  ###.....     2%          3    ###....
s - Conjure Flame         Conj/Fire      ####....     2%          3    ###....


Dungeon Overview and Level Annotations

Branches:
Dungeon (4/27)
 Temple: D:4-7

Altars:
Sif Muna


Innate Abilities, Weirdness & Mutations

Your natural rate of healing is unusually fast.
You have razor-sharp teeth.*
You have supernaturally acute eyesight.
You can survive without breathing.*


Message History

The scorpion stings you.
You closely miss the scorpion.
The scorpion is severely wounded.
The scorpion stings you.
* * * LOW HITPOINT WARNING * * *
Drink which item? (? for menu, Esc to quit)
You feel more clever all of a sudden.
It was a potion of brilliance.
The scorpion closely misses you.
Drink which item? (? for menu, Esc to quit)
You feel very buoyant.
You fly up into the air.
It was a potion of flight.
The scorpion completely misses you.
Drink which item? (? for menu, Esc to quit)
You suddenly lose the ability to move!
It was a potion of paralysis.
The scorpion stings you.
* * * LOW HITPOINT WARNING * * *
You are poisoned.
The scorpion poisons you! The scorpion stings you.
You die...

# ###### .#
#....##.#
#.......#
#.......#
#.###...s...#.#
#.......@.....#
#####...#######
....... #######


You could see a scorpion.

Vanquished Creatures
  Ijyb (D:2)
  2 adders
  A giant mite (D:3)
  An ooze (D:2)
  8 bats
  5 goblins
  2 hobgoblins
  8 jackals
  7 kobolds
  A quokka (D:3)
  2 giant cockroaches (D:2)
  A giant gecko (D:3)
  7 rats
46 creatures vanquished.

Notes
Turn   | Place    | Note
--------------------------------------------------------------
     0 | D:1      | PolkaDot, the Vampire Wizard, began the quest for the Orb.
     0 | D:1      | Reached XP level 1. HP: 11/11 MP: 6/6
    13 | D:1      | Reached skill level 1 in Conjurations
   387 | D:2      | Reached XP level 2. HP: 17/17 MP: 0/8
   789 | D:2      | Noticed Ijyb
  1025 | D:2      | Killed Ijyb
  1025 | D:2      | Reached XP level 3. HP: 20/22 MP: 10/10
  1099 | D:2      | Found a deep blue altar of Sif Muna.
  1158 | D:2      | Learned a level 3 spell: Conjure Flame
  1162 | D:2      | Learned a level 3 spell: Mephitic Cloud
  1247 | D:2      | Became a worshipper of Sif Muna the Loreminder
  1688 | D:3      | Reached XP level 4. HP: 6/28 MP: 9/12
  2257 | D:4      | Paralysed by a potion of paralysis for 2 turns
  2257 | D:4      | HP: 1/28 [scorpion (3)]
  2258 | D:4      | Slain by a scorpion

Action                   |  1- 3 |  4- 6 || total
-------------------------+-------+-------++-------
Melee: Unarmed           |     7 |       ||     7
       Dagger            |    17 |       ||    17
       Sabre             |     4 |     2 ||     6
 Cast: Magic Dart        |    83 |    37 ||   120
       Mephitic Cloud    |     3 |       ||     3
 Abil: End Transformatio |     1 |       ||     1
       Bat Form          |     1 |       ||     1
  Use: Potion            |     5 |     6 ||    11
